 Dungeon Crawl Stone Soup version 0.25-a0-310-g60f0ac2d9a (webtiles) character file.

Game seed: 679601822688428664, levelgen mode: deterministic

16 ANON1729 the Digger (level 2, -1/17 HPs)
             Began as an Octopode Earth Elementalist on Dec 23, 2019.
             Slain by a kobold
             ... wielding a +0 short sword
              (5 damage)
             ... on level 1 of the Dungeon.
             The game lasted 00:02:00 (1061 turns).

ANON1729 the Digger (Octopode Earth Elementalist)   Turns: 1061, Time: 00:02:01

Health: -1/17      AC:  1    Str:  7    XL:     2   Next: 58%
Magic:  5/5        EV: 13    Int: 17    God:
Gold:   25         SH:  0    Dex: 12    Spells: 4/5 levels left

rFire    . . .     SeeInvis .   (no weapon)
rCold    . . .     Gourm    .   (no shield)
rNeg     . . .     Faith    .   (helmet restricted)
rPois    .         Spirit   .   (no amulet)
rElec    .         Reflect  .   (no ring)
rCorr    .         Harm     .   (no ring)
MR       .....                  (no ring)
Stlth    +++.......             (no ring)
HPRegen  0.05/turn              (no ring)
MPRegen  0.09/turn              (no ring)
                                (no ring)
                                (no ring)

@: no status effects
A: almost no armour, stealthy swim, amphibious, 8 rings, constrict 8, camouflage
1, gelatinous body 1
a: no special abilities


You were on level 1 of the Dungeon.
You were hungry.

You visited 1 branch of the dungeon, and saw 1 of its levels.

You collected 25 gold pieces.

Inventory:

Hand Weapons
 d - a +0 spear
Missiles
 b - 39 stones (quivered)
Scrolls
 e - a scroll of remove curse {unknown}
Potions
 a - a potion of invisibility {unknown}
Comestibles
 c - a ration


   Skills:
 + Level 0.2 Fighting
 + Level 2.2 Dodging
 + Level 2.8 Stealth
 + Level 2.0 Spellcasting
   Level 1.0 Transmutations
 + Level 3.5 Earth Magic


You had 4 spell levels left.
You knew the following spells:

 Your Spells              Type           Power        Failure   Level  Hunger
a - Sandblast             Erth           ##....       4%          1    #......

Your spell library contained the following spells:

 Spells                   Type           Power        Failure   Level  Hunger
 Passwall                 Tmut/Erth      #.......     12%         2    ###....
 Stone Arrow              Conj/Erth      #.....       28%         3    ###....
 Petrify                  Tmut/Erth      #.......     58%         4    #####..
 Lee's Rapid Deconstruct  Erth           ##........   77%         5    ######.


Dungeon Overview and Level Annotations

Branches:
Dungeon (1/15)

Altars:


Innate Abilities, Weirdness & Mutations

You cannot wear most types of armour.
You are very stealthy in the water. (Stealth+)
You are amphibious.
You can wear up to eight rings at the same time.
You can use your tentacles to constrict eight enemies at once.
Your skin changes colour to match your surroundings (Stealth+).
Your rubbery body absorbs attacks. (AC +1, EV +1)


Message History

You kill the goblin!
The kobold throws a stone.
The stone barely misses you.
The kobold hits you with a +0 short sword.
You barely miss the kobold. Your grab misses the kobold.
The kobold hits you with a +0 short sword.
You tentacle-slap the kobold but do no damage.
Your grab misses the kobold.
The kobold hits you with a +0 short sword. x2
* * * LOW HITPOINT WARNING * * *
You are too injured to fight recklessly!
You are too injured to fight recklessly!
You are too injured to fight recklessly!
You are too injured to fight recklessly!
You are too injured to fight recklessly!
You are too injured to fight recklessly!
The kobold barely misses you.
Things that are here:
a scale mail; an amethyst potion The kobold hits you with a +0 short sword.
You die...

≈≈≈.§.≈≈≈.≈≈≈.#..(.....#
#####
≈.....≈.§.≈...#.#.#.##.#
≈.≈≈≈§≈.≈≈≈.###.#...# #
§...≈...≈...# #.##..# #
≈§≈.§≈§≈≈.### #. #..## .#
.§≈...........#.##...### ..#
#§≈≈≈.#########.#[K#...##...#
#...≈§. #.#K####(.).>.#
###.§§§ #.@.# ###.##.... #...
§.§.....## .w. . #####
§§§≈≈≈..# #.... ..h.
§§.§....# ...... .# ..§§.....
...... # ......### ..... $.K.
##...# ..... #### ####


You could see 2 kobolds.

Vanquished Creatures
  A leopard gecko (D:1)
  3 giant cockroaches (D:1)
  A goblin (D:1)
  3 jackals (D:1)
  A bat (D:1)
  A frilled lizard (D:1)
  3 kobolds (D:1)
  A rat (D:1)
14 creatures vanquished.

Notes
Turn   | Place    | Note
-------+----------+-------------------------------------------
     0 | D:1      | ANON1729 the Octopode Earth Elementalist began the quest
                  | for the Orb.
     0 | D:1      | Reached XP level 1. HP: 11/11 MP: 3/3
   391 | D:1      | Reached XP level 2. HP: 13/17 MP: 1/5
  1061 | D:1      | Slain by a kobold

Levels and vault maps discovered:
D:1:      psy_arrival_radial02, layout_rooms

Action                   || total
-------------------------++-------
Melee: Unarmed           ||    30
       Tentacles         ||     8
       Constrict         ||     9
 Cast: Sandblast         ||    13
 Stab: Sleeping          ||     1
Armor: Skin              ||     7
Dodge: Dodged            ||    44

Table legend:
 A = Non-vault XP
 B = Vault XP
 C = Vault XP percentage of total XP
 D = Non-vault monster count
 E = Vault monster count
 F = Vault count percentage of total count
                 A         B        C        D         E       F
            +---------+---------+-------+---------+---------+-------
      Total |      24 |       0 |   0.0 |      14 |       0 |   0.0
            +---------+---------+-------+---------+---------+-------
        D:1 |      24 |       0 |   0.0 |      14 |       0 |   0.0
            +---------+---------+-------+---------+---------+-------
